 Dungeon Crawl Stone Soup version 0.25.1-2-g60ff931df9 (webtiles) character file.

Game seed: 16822359536675433027

30 pokeman the Magician (level 3, 0/20 HPs)
             Began as a Deep Elf Wizard on Nov 13, 2020.
             Slain by a jackal (2 damage)
             ... on level 2 of the Dungeon.
             The game lasted 00:01:54 (1288 turns).

pokeman the Magician (Deep Elf Wizard)              Turns: 1288, Time: 00:01:54

Health: 0/20       AC:  3    Str:  4    XL:     3   Next: 5%
Magic:  1/11       EV: 11    Int: 23    God:
Gold:   107        SH:  0    Dex: 13    Spells: 11/12 levels left

rFire    . . .     SeeInvis .   (no weapon)
rCold    . . .     Gourm    .   (no shield)
rNeg     . . .     Faith    .   m - +0 leather armour
rPois    .         Spirit   .   b - +0 hat
rElec    .         Reflect  .   (no cloak)
rCorr    .         Harm     .   (no gloves)
MR       .....                  (no boots)
Stlth    ++........             (no amulet)
HPRegen  0.06/turn              (no ring)
MPRegen  0.12/turn              (no ring)

@: very slightly contaminated
A: no striking features
a: no special abilities


You were on level 2 of the Dungeon.
You were not hungry.

You visited 1 branch of the dungeon, and saw 2 of its levels.

You collected 107 gold pieces.

Inventory:

Armour
 a - a +0 robe
 b - a +0 hat (worn)
 m - a +0 leather armour (worn)
Scrolls
 f - a scroll of magic mapping {unknown}
 h - 2 scrolls of teleportation {unknown}
 i - a scroll of fear {unknown}
 j - a scroll of identify {unknown}
 k - a scroll of amnesia {unknown}
Potions
 c - 2 potions of curing {unknown}
 e - a potion of magic {unknown}
 l - 2 potions of brilliance {unknown}
Comestibles
 d - 5 rations
 g - 3 chunks of flesh


   Skills:
 + Level 0.7 Fighting
 + Level 0.7 Armour
 - Level 2.4 Dodging
 - Level 2.4 Stealth
 * Level 5.0 Spellcasting
 + Level 1.7 Conjurations
   Level 1.1 Summonings
   Level 1.1 Translocations


You had 11 spell levels left.
You knew the following spells:

 Your Spells              Type           Power        Failure   Level  Hunger
a - Magic Dart            Conj           ##..         9%          1    None

Your spell library contained the following spells:

 Spells                   Type           Power        Failure   Level  Hunger
 Blink                    Tloc           N/A          16%         2    None
 Call Imp                 Summ           ##......     16%         2    None
 Slow                     Hex            #.......     26%         2    None
 Conjure Flame            Conj/Fire      #.......     34%         3    ##.....
 Mephitic Cloud           Conj/Pois/Air  #.......     36%         3    ##.....


Dungeon Overview and Level Annotations

Branches:
Dungeon (2/15)

Altars:


Message History

The jackal barely misses you. The jackal bites you.
* * * LOW HITPOINT WARNING * * *
You barely miss the jackal.
The jackal is moderately wounded.
The jackal bites you but does no damage.
Casting: Magic Dart (safe; 9% risk of failure)
Confirm with . or Enter, or press ? or * to list all spells.
Aiming: Magic Dart (safe; 9% risk of failure)
Press: ? - help, Shift-Dir - straight line, f/p - jackal
Aim: a jackal (moderately wounded)
The magic dart hits the jackal.
The jackal is heavily wounded.
The jackal bites you.
* * * LOW HITPOINT WARNING * * *
The jackal bites you.
* * * LOW HITPOINT WARNING * * *
The jackal bites you.
* * * LOW HITPOINT WARNING * * *
The jackal bites you.
You die...

###########.##.#
##..##.# .#
#....#.###### ..
##..÷.......# ##.
#..##.####..###..
#..##.# ..#.###..
###..##.# #......
###.......# #†..#
#...####.@## #†#
#####.###
#..h######.##
#.....#
##..h.......#
#.#####
#.#######..# #.
#.# #....# #. #.#
#.##.... .. #.#
#.# #### .. #..
..# ##. ##. .##


You could see 2 jackals.

Vanquished Creatures
  A worm (D:2)
  A dart slug (D:1)
  A leopard gecko (D:1)
  2 giant cockroaches (D:1)
  A goblin (D:1)
  4 hobgoblins
  2 jackals (D:2)
  2 kobolds (D:2)
  A quokka (D:2)
  4 bats (D:2)
  A frilled lizard (D:2)
  A rat (D:1)
21 creatures vanquished.

Notes
Turn   | Place    | Note
-------+----------+-------------------------------------------
     0 | D:1      | pokeman the Deep Elf Wizard began the quest for the Orb.
     0 | D:1      | Reached XP level 1. HP: 10/10 MP: 7/7
   385 | D:1      | Reached XP level 2. HP: 16/16 MP: 4/9
  1008 | D:2      | Reached skill level 5 in Spellcasting
  1252 | D:2      | Reached XP level 3. HP: 14/20 MP: 2/11
  1288 | D:2      | Slain by a jackal

Illustrated notes

Levels and vault maps discovered:
D:1:      psy_arrival_conway, layout_rooms, chequers_serial_rivers_marsh
D:2:      layout_rooms, nicolae_qazlal_eye_of_the_storm, grunt_ministairs_4

Skill      XL: |  1  2 |
---------------+-------+-----
Spellcasting   | 5 |  5.0
Fighting       | |  0.7
Armour         | |  0.7
Dodging        | |  2.4
Stealth        | |  2.4
Conjurations   | |  1.7
Summonings     | |  1.1
Translocations | |  1.1

Action                   || total
-------------------------++-------
Melee: Unarmed           ||    22
 Cast: Magic Dart        ||    74
  Eat: Chunk             ||     1
Armor: Leather armour    ||    12
Dodge: Dodged            ||    25
